 Dungeon Crawl Stone Soup version 0.16.0-8-gd9ae3a8 (webtiles) character file.

7 RobertPalmer the Firebug (level 2, -5/17 HPs)
             Began as an Octopode Fire Elementalist on Mar 16, 2015.
             Slain by a kobold
             ... wielding a cursed +0 short sword
              (8 damage)
             ... on level 1 of the Dungeon.
             The game lasted 00:00:39 (319 turns).

RobertPalmer the Firebug (OpFE)                      Turns: 319, Time: 00:00:40

Health: -5/17      AC:  1    Str:  7    XL:     2   Next: 4%
Magic:  0/4        EV: 12    Int: 17    God:
Gold:   28         SH:  0    Dex: 12    Spells: 1 memorised, 4 levels left

rFire  . . .     SeeInvis .     a - +0 club
rCold  . . .     Clarity  .     (no shield)
rNeg   . . .     SustAb   .     (helmet restricted)
rPois  .         Gourm    .     (no amulet)
rElec  .         Spirit   .     (no ring)
rCorr  .         Warding  .     (no ring)
rMut   .         Stasis   .     (no ring)
MR     .....                    (no ring)
Stlth  +++.......               (no ring)
                                (no ring)
                                (no ring)
                                (no ring)

@: very slightly contaminated, not resistant to hostile enchantments, fairly
stealthy
A: almost no armour, amphibious, 8 rings, constrict 8, camouflage 1, gelatinous
body 1
a: no special abilities


You were on level 1 of the Dungeon.
You were not hungry.

You visited 1 branch of the dungeon, and saw 1 of its levels.

You collected 28 gold pieces.

Inventory:

Hand weapons
 a - a +0 club (weapon)
   (You took it off a hobgoblin on level 1 of the Dungeon)
 d - a +0 hunting sling
   (You found it on level 1 of the Dungeon)
Potions
 e - a potion of curing {unknown}
 f - a potion of experience {unknown}
Books
 b - a book of Flames
Comestibles
 c - a bread ration
 g - a slice of pizza


   Skills:
 - Level 2.0 Dodging
 - Level 2.6 Stealth
 - Level 2.0 Spellcasting
 + Level 2.0 Conjurations
 - Level 3.0 Fire Magic


You had 4 spell levels left.
You knew the following spells:

 Your Spells              Type           Power        Failure   Level  Hunger
a - Flame Tongue          Conj/Fire      ##...        10%         1    #......


Dungeon Overview and Level Annotations

Branches:
Dungeon (1/15)

Altars:


Innate Abilities, Weirdness & Mutations

You cannot wear most types of armour.
You are amphibious.
You can wear up to eight rings at the same time.
You can use your tentacles to constrict many enemies at once.
Your skin changes colour to match your surroundings (Stealth).
Your rubbery body absorbs attacks (AC +1).


Message History

Confirm with . or Enter, or press ? or * to list all spells.
Aiming: Flame Tongue
Press: ? - help, Shift-Dir - straight line, f - hobgoblin
Aim: a hobgoblin, wielding a club The flame tongue hits the hobgoblin.
The hobgoblin is almost dead.
The hobgoblin hits you with a club.
Casting: Flame Tongue
Confirm with . or Enter, or press ? or * to list all spells.
Aiming: Flame Tongue
Press: ? - help, Shift-Dir - straight line, f/p - hobgoblin
Aim: a hobgoblin, wielding a club (almost dead)
The flame tongue misses the hobgoblin.
The hobgoblin hits you with a club.
Ouch! That really hurt!
* * * LOW HITPOINT WARNING * * *
You hit the hobgoblin.
You kill the hobgoblin!
Things that are here:
a club; a hobgoblin corpse You start resting.
A bat is nearby!
Casting: Flame Tongue
Confirm with . or Enter, or press ? or * to list all spells.
You don't have enough magic to cast that spell.
Unknown command.
The bat hits you but does no damage. The bat barely misses you.
You hit the bat but do no damage. Your grab misses the bat.
The bat hits you but does no damage.
Casting: Flame Tongue
Confirm with . or Enter, or press ? or * to list all spells.
Aiming: Flame Tongue
Press: ? - help, Shift-Dir - straight line, f - bat
Aim: a bat The flame tongue hits the bat.
The bat is severely wounded.
The bat closely misses you.
Casting: Flame Tongue
Confirm with . or Enter, or press ? or * to list all spells.
You don't have enough magic to cast that spell.
Unknown command.
You hit the bat!
You kill the bat!
You start resting.
Magic restored.
You start resting.
A rat comes into view.
Things that are here:
a club; a bat corpse; a hobgoblin corpse
Casting: Flame Tongue
Confirm with . or Enter, or press ? or * to list all spells.
You can't see any susceptible monsters within range! (Use Z to cast anyway.) Unknown command.
Casting: Flame Tongue
Confirm with . or Enter, or press ? or * to list all spells.
Aiming: Flame Tongue
Press: ? - help, Shift-Dir - straight line, f - rat
Aim: a rat The flame tongue hits the rat.
You kill the rat!
Your Conjurations skill increases to level 2!
You have reached level 2!
Things that are here:
a club; a bat corpse; a hobgoblin skeleton A kobold comes into view.
It is wielding a short sword.
The kobold shouts!
You see here 19 stones.
A kobold is nearby!
A kobold is nearby!
A kobold is nearby!
A giant cockroach comes into view.
You barely miss the kobold. Your grab misses the kobold.
The kobold hits you with a short sword.
Casting: Flame Tongue
Confirm with . or Enter, or press ? or * to list all spells.
Aiming: Flame Tongue
Press: ? - help, Shift-Dir - straight line, f - kobold
Aim: a kobold, wielding a short sword The flame tongue misses the kobold.
The kobold closely misses you.
Casting: Flame Tongue
Confirm with . or Enter, or press ? or * to list all spells.
Aiming: Flame Tongue
Press: ? - help, Shift-Dir - straight line, f/p - kobold
Aim: a kobold, wielding a short sword You miscast Flame Tongue.
You are very lightly contaminated with residual magic.
Your skin tingles.
The kobold hits you with a short sword.
Casting: Flame Tongue
Confirm with . or Enter, or press ? or * to list all spells.
Aiming: Flame Tongue
Press: ? - help, Shift-Dir - straight line, f/p - kobold
Aim: a kobold, wielding a short sword The flame tongue misses the kobold.
The flame tongue hits the giant cockroach.
You kill the giant cockroach!
The kobold hits you with a short sword.
* * * LOW HITPOINT WARNING * * *
You closely miss the kobold. You grab the kobold.
You constrict the kobold, but do no damage.
The kobold closely misses you. The kobold hits you with a short sword!
You die...

..(.... ........ #..#
.........#...
.............
.............
.........##..##
.........# #..# #
.#..###### #..####.######
...##########(..@K†......
##...).........###..###..
##.##########..# .# (...
#.$# # .... #.... .....
#..### ..... ...# ......
...# .... ....


You could see a kobold.

Vanquished Creatures
  An ooze (D:1)
  A bat (D:1)
  2 hobgoblins (D:1)
  A giant cockroach (D:1)
  A rat (D:1)
6 creatures vanquished.

Notes
Turn   | Place    | Note
--------------------------------------------------------------
     0 | D:1      | RobertPalmer, the Octopode Fire Elementalist, began the quest for the Orb.
     0 | D:1      | Reached XP level 1. HP: 11/11 MP: 3/3
   300 | D:1      | Reached skill level 2 in Conjurations
   300 | D:1      | Reached XP level 2. HP: 13/17 MP: 2/4
   318 | D:1      | HP: 3/17 [kobold/short sword (4)]
   319 | D:1      | Slain by a kobold

Action                   || total
-------------------------++-------
Melee: Club              ||     5
 Cast: Flame Tongue      ||     9

Vault maps used:
D:1:      dpeg_arrival_stonehenge_8_columns, minmay_misc_feat_nine_boxes

Table legend:
 A = Turns spent in this place as a percentage of turns spent in the entire game.
 B = Non-inter-level travel turns spent in this place as a percentage of non-inter-level travel turns spent in the entire game.
 C = Inter-level travel turns spent in this place as a percentage of turns spent in this place.
 D = Turns resting spent in this place as a percentage of non-inter-level travel turns spent in this place.
 E = Turns spent auto-exploring this place as a percentage of non-inter-level travel turns spent in this place.
 F = Non-inter-level travel turns spent in this place divided by the number of levels of this place that you've seen.
                   A       B       C       D       E      F
               +-------+-------+-------+-------+-------+----------------------
         Total | 100.0 | 100.0 |   0.0 |   5.1 |   4.0 |  99.0
       Dungeon | 100.0 | 100.0 |   0.0 |   5.1 |   4.0 |  99.0
               +-------+-------+-------+-------+-------+----------------------

Table legend:
 A = Kills in this place as a percentage of kills in entire the game.
 B = Kills by you in this place as a percentage of kills by you in the entire game.
 C = Kills by friends in this place as a percentage of kills by friends in the entire game.
 D = Other kills in this place as a percentage of other kills in the entire game.
 E = Experience gained in this place as a percentage of experience gained in the entire game.
 F = Experience gained in this place divided by the number of levels of this place that you have seen.
                   A       B       C       D       E      F
               +-------+-------+-------+-------+-------+----------------------
         Total | 100.0 | 100.0 |  -nan |  -nan | 100.0 |  11.0
       Dungeon | 100.0 | 100.0 |  -nan |  -nan | 100.0 |  11.0
               +-------+-------+-------+-------+-------+----------------------
